Construct Infanterie Kompanie
Selects Luftwaffe Battlegroup
Selects Luftwaffe Pioneer Support
Fallschirmpioneer Squad Paradrop
Selects Stuka Strafing Run
Construct Panzergrenadier Kompanie
Pak 40 Anti-tank Gun Team
Selects Fallschirmjäger Squad Paradrop
Selects Fragmentation Bombs
Nebelwerfer 42 Rocket Launcher Team
Fallschirmpioneer Squad Paradrop
Fallschirmpioneer Squad Paradrop
Selects Flak 38 Anti-Air Emplacement
Selects Flak 36 Anti-tank Gun Emplacement
Pak 40 Anti-tank Gun Team
Fallschirmpioneer Squad Paradrop
Pak 40 Anti-tank Gun Team